 Dungeon Crawl Stone Soup version 0.20-a0-837-g0f21a4d (webtiles) character file.

32 M4edhros the Magician (level 3, -2/21 HPs)
             Began as an Octopode Wizard on Mar 8, 2017.
             Slain by a worker ant (4 damage)
             ... on level 4 of the Dungeon.
             The game lasted 00:01:16 (734 turns).

M4edhros the Magician (Octopode Wizard)              Turns: 734, Time: 00:01:17

Health: -2/21      AC:  1    Str:  6    XL:     3   Next: 25%
Magic:  3/8        EV: 13    Int: 20    God:
Gold:   95         SH:  0    Dex: 11    Spells: 8/9 levels left

rFire    . . .     SeeInvis .   (no weapon)
rCold    . . .     Gourm    .   (no shield)
rNeg     . . .     Faith    .   a - +0 hat
rPois    .         Spirit   .   (no amulet)
rElec    .         Reflect  .   (no ring)
rCorr    .         Harm     .   (no ring)
MR       .....                  (no ring)
Stlth    +++.......             (no ring)
Regen    0.1/turn               (no ring)
MPRegen  0.2/turn               (no ring)
                                (no ring)
                                (no ring)

@: lethally poisoned (-2 -> -12), flying
A: almost no armour, stealthy swim, amphibious, 8 rings, constrict 8, camouflage
1, gelatinous body 1
a: no special abilities


You were on level 4 of the Dungeon.
You were not hungry.

You visited 1 branch of the dungeon, and saw 4 of its levels.

You collected 95 gold pieces.

Inventory:

Armour
 a - a +0 hat (worn)
Scrolls
 d - a scroll of amnesia {unknown}
 e - 3 scrolls of identify {unknown}
 h - a scroll of recharging {unknown}
 i - 2 scrolls of remove curse {unknown}
Potions
 g - a potion of haste {unknown}
Books
 b - a book of Minor Magic

   Spells                             Type                      Level
   a - Magic Dart                     Conjuration                  1
   b - Blink                          Translocation                2
   c - Call Imp                       Summoning                    2
   d - Slow                           Hexes                        2
   e - Conjure Flame                  Conjuration/Fire             3
   f - Mephitic Cloud                 Conjuration/Poison/Air       3
Comestibles
 c - a bread ration
 j - a meat ration
 k - a royal jelly


   Skills:
 - Level 2.0 Dodging
 - Level 2.6 Stealth
 + Level 3.5 Spellcasting
 + Level 2.2 Conjurations
   Level 1.0 Summonings
   Level 1.0 Translocations


You had 8 spell levels left.
You knew the following spells:

 Your Spells              Type           Power        Failure   Level  Hunger
a - Magic Dart            Conj           ##..         6%          1    None


Dungeon Overview and Level Annotations

Branches:
Dungeon (4/15)
 Temple: D:4-7

Altars:
Trog


Innate Abilities, Weirdness & Mutations

You cannot wear most types of armour.
You are very stealthy in the water. (Stealth+)
You are amphibious.
You can wear up to eight rings at the same time.
You can use your tentacles to constrict eight enemies at once.
Your skin changes colour to match your surroundings (Stealth+).
Your rubbery body absorbs attacks. (AC +1, EV +1)


Message History

The worker ant closely misses you.
Unknown command.
You tentacle-slap the worker ant but do no damage.
The worker ant is moderately wounded.
You constrict the worker ant. The giant cockroach closely misses you.
The worker ant closely misses you. The giant cockroach bites you.
Unknown command.
You tentacle-slap the worker ant but do no damage.
The worker ant is heavily wounded.
You constrict the worker ant.
You feel sick. The worker ant bites you.
* * * LOW HITPOINT WARNING * * *
You are more poisoned.
The worker ant poisons you!
The giant cockroach bites you but does no damage.
It was a potion of flight.
You feel very buoyant.
You fly up into the air.
You constrict the worker ant.
* * * LOW HITPOINT WARNING * * *
You feel sick. The worker ant bites you.
You die...

r....#...
.....#...
.....#...
........#
........#
........#
........#
.......†##
.......a@#
#.......s...$..#
#...............
#.........###..#
###.......# .#
#.......#
#.......#
#........


You could see a worker ant and a giant cockroach.

Vanquished Creatures
  An adder (D:2)
  An ooze (D:2)
  A dart slug (D:1)
  A giant cockroach (D:4)
  2 goblins
  3 hobgoblins
  2 frilled lizards (D:2)
  3 kobolds
  3 rats
17 creatures vanquished.

Notes
Turn   | Place    | Note
-------+----------+-------------------------------------------
     0 | D:1      | M4edhros the Octopode Wizard began the quest for the Orb.
     0 | D:1      | Reached XP level 1. HP: 11/11 MP: 4/4
   352 | D:2      | Reached XP level 2. HP: 10/17 MP: 1/6
   469 | D:2      | Reached XP level 3. HP: 19/21 MP: 0/7
   664 | D:3      | Found a bloodstained altar of Trog.
   734 | D:4      | Slain by a worker ant

Vault maps used:
D:1:      dpeg_arrival_stone_temple_mockup
D:2:      lemuel_coloured_pillars_altar, first_bread
D:3:      grunt_ministairs_2, lemuel_tele_altar, uniq_jessica, uniq_grinder,
          uniq_crazy_yiuf_cottage
D:4:      lemuel_round_altar, gammafunk_temple_overflow_elements,
          nicolae_ossuary_entry_monument

Skill      XL: |  1  2 |
---------------+-------+-----
Conjurations   | 2 |  2.2
Dodging        | |  2.0
Stealth        | |  2.6
Spellcasting   | |  3.5
Summonings     | |  1.0
Translocations | |  1.0

Action                   || total
-------------------------++-------
Melee: Unarmed           ||    18
       Constrict         ||     3
       Tentacles         ||     1
 Cast: Magic Dart        ||    44
  Use: Potion            ||     1
Armor: Skin              ||     3
Dodge: Dodged            ||    18
